 Dungeon Crawl Stone Soup version 0.31-a0-426-g3a05650e59 (webtiles) character file.

Game seed: 12650356676920913447

9 bobarctor the Trooper (level 2, 24/24 HPs)
             Began as a Demonspawn Berserker on July 31, 2023.
             Was a Follower of Trog.
             Got out of the dungeon alive.
             The game lasted 00:01:05 (233 turns).

bobarctor the Trooper (Demonspawn Berserker)         Turns: 233, Time: 00:01:06

Health: 24/24      AC:  3    Str: 17    XL:     2   Next: 6%
Magic:  2/2        EV: 12    Int:  8    God:    Trog [*.....]
Gold:   0          SH:  0    Dex: 12    Spells: 1/1 levels left

rFire   . .          .
                       - Unarmed
rCold   . . .        (no shield)
rNeg    . . .        a - +0 animal skin
rPois   .            (no helmet)
rElec   .            (no cloak)
rCorr   .            (no gloves)
SInv    .            (no boots)
Will    .....        (no amulet)
Stlth   +            (no ring)
HPRegen 0.24/turn    (no ring)
MPRegen 0.08/turn

%: no passive effects
@: no status effects
A: rugged brown scales 1
a: Renounce Religion, Berserk


You escaped.
You worshipped Trog.
Trog was aware of your devotion.
You visited 1 branch of the dungeon, and saw 1 of its levels.

Inventory:

Armour
 a - a +0 animal skin (worn)
 b - a +0 helmet
Scrolls
 d - a scroll of identify {unknown}
Potions
 c - a potion of resistance {unknown}


   Skills:
 + Level 3.2 Fighting
 + Level 1.9 Armour
 + Level 1.8 Dodging
 + Level 3.0 Unarmed Combat


You had one spell level left.
You didn't know any spells.
Your spell library was empty.

Dungeon Overview and Level Annotations

Branches:
Dungeon (1/15)

Altars:


Innate Abilities, Weirdness & Mutations

You are partially covered in rugged brown scales. (AC +1, +3% HP)


Message History

You hit the ball python.
You kill the ball python!
Trog accepts your kill.
Your Unarmed Combat skill increases to level 3!
You hit the ball python but do no damage.
The ball python barely misses you. x2
You hit the ball python but do no damage.
The ball python barely misses you. The ball python closely misses you.
The ball python bites you. The ball python barely misses you.
You closely miss the ball python. The ball python barely misses you. x2
You closely miss the ball python. The ball python misses you.
The ball python grabs you. The ball python constricts you.
You closely miss the ball python.
The ball python bites you but does no damage.
The ball python constricts you.
You punch the ball python!
You kill the ball python!
Trog accepts your kill.
You have reached level 2!
Your demonic ancestry asserts itself...
Rugged brown scales grow over part of your body.
You hit the goblin.
The goblin is heavily wounded.
The goblin hits you but does no damage.
You closely miss the goblin.
The goblin is heavily wounded.
The goblin hits you but does no damage.
You punch the goblin!
You kill the goblin!
Trog accepts your kill.
Things that are here:
a +0 club; a +0 club
Things that are here:
a +0 club; a +0 club
Things that are here:
a +0 club; a goblin corpse
There is an open door here.
There is a staircase leading out of the dungeon here.
Are you sure you want to leave the Dungeon?
This will make you lose the game!
You have escaped!

#+# #)#
#.#########.##############.#
#................##........#
#####...⌠...........########
#.....###.#######
#.##..###'## #. #..##...# #.
#..##...# # #..##.@.#
#..##...# #..##...# #####


There were no monsters in sight!

Vanquished Creatures
  2 endoplasms (D:1)
  3 goblins (D:1)
  3 ball pythons (D:1)
  A bat (D:1)
9 creatures vanquished.

Notes
Turn   | Place    | Note
-------+----------+-------------------------------------------
     0 | D:1      | bobarctor the Demonspawn Berserker began the quest for the
                  | Orb.
     0 | D:1      | Reached XP level 1. HP: 18/18 MP: 1/1
   170 | D:1      | Gained mutation: You are partially covered in rugged brown
                  | scales. (AC +1, +3% HP) [demonic ancestry]
   170 | D:1      | Reached XP level 2. HP: 10/24 MP: 2/2
   233 | D:$      | Got out of the dungeon alive.

Illustrated notes

Levels and vault maps discovered:
D:1:      dpeg_arrival_rooms_a, layout_basic

Skill      XL: |  1 |
---------------+----+-----
Unarmed Combat | 3 |  3.0
Fighting       | |  3.2
Armour         | |  1.9
Dodging        | |  1.8

Action                     || total
---------------------------++-------
  Melee: Unarmed           ||    38
 Armour: Animal skin       ||    11
  Dodge: Dodged            ||    28

Table legend: (Time is in decaauts)
 A = Elapsed time spent in this place.
 B = Non-inter-level travel time spent in this place.
 C = Inter-level travel time spent in this place.
 D = Time resting spent in this place.
 E = Time spent auto-exploring this place.
 F = Levels seen in this place.
 G = Mean time per level.
                   A        B        C        D        E       F      G
               +--------+--------+--------+--------+--------+-----+--------+
         Total |    230 |    174 |     56 |      3 |     88 |   1 |  230.0 |
       Dungeon |    230 |    174 |     56 |      3 |     88 |   1 |  230.0 |
               +--------+--------+--------+--------+--------+-----+--------+

Top non-repeatable levels by time:
     D:1: 230 daAuts
